 Dungeon Crawl Stone Soup version 0.29-a0-323-g050149af67 (webtiles) character file.

Game seed: 8642319330952468755

35 garrulousMonolith the Digger (level 3, -6/20 HPs)
             Began as a Gargoyle Earth Elementalist on Apr 11, 2022.
             Mangled by Terence
             ... wielding a +0 short sword
              (7 damage)
             ... on level 2 of the Dungeon.
             The game lasted 00:02:17 (1705 turns).

garrulousMonolith the Digger (GrEE)                 Turns: 1705, Time: 00:02:17

Health: -6/20      AC:  7    Str: 11    XL:     3   Next: 33%
Magic:  5/6        EV: 11    Int: 17    God:
Gold:   92         SH:  0    Dex: 10    Spells: 0/6 levels left

rFire   . . .      SeeInvis .   b - +0 hunting sling
rCold   . . .      Faith    .   (no shield)
rNeg    + . .      Spirit   .   d - +0 leather armour
rPois   ∞          Reflect  .   h - +0 helmet
rElec   +          Harm     .   (no cloak)
rCorr   .          Rampage  .   (no gloves)
Will    .....                   (no boots)
Stlth   ++........              (no amulet)
HPRegen 0.06/turn               (no ring)
MPRegen 0.10/turn               (no ring)

@: flying, invisible
A: sickness immunity, AC +3, negative energy resistance 1, electricity
resistance, torment resistance 1, petrification resistance
a: no special abilities


You were on level 2 of the Dungeon.
You visited 1 branch of the dungeon, and saw 2 of its levels.

You collected 92 gold pieces.

Inventory:

Hand Weapons
 a - a +0 whip
 b - a +0 hunting sling (weapon)
 g - a +0 mace
 r - a +0 short sword
Missiles
 k - 3 stones
Armour
 d - a +0 leather armour (worn)
 h - a +0 helmet (worn)
 n - a +0 robe
Jewellery
 e - an amulet of guardian spirit
 s - an amulet of magic regeneration
Scrolls
 f - a scroll of fog {unknown}
 j - 3 scrolls of identify {unknown}
 l - 2 scrolls of amnesia {unknown}
 o - a scroll of magic mapping {unknown}
Potions
 c - 2 potions of magic
 i - a potion of cancellation {unknown}
 p - a potion of haste {unknown}
 q - a potion of flight
 t - a potion of might {unknown}
 u - a potion of curing {unknown}
 v - a potion of heal wounds {unknown}


   Skills:
 + Level 1.1 Fighting
 + Level 1.8 Dodging
 - Level 2.1 Stealth
 + Level 2.2 Spellcasting
 * Level 0.0 Conjurations
 - Level 1.0 Transmutations
 * Level 4.3 Earth Magic


You couldn't memorise any spells.
You knew the following spells:

 Your Spells              Type           Power      Damage    Failure   Level
a - Sandblast             Erth           32%        2d9       4%          1
b - Passwall              Tmut/Erth      9%         N/A       12%         2
c - Stone Arrow           Conj/Erth      18%        3d8       30%         3

Your spell library contained the following spells:

 Spells                   Type           Power      Damage    Failure   Level
 Shock                    Conj/Air       8%         1d3       24%         1
 Animate Skeleton         Necr           2%         N/A       26%         1
 Pain                     Necr           4%         1d4       26%         1
 Swiftness                Air            1%         N/A       58%         3
 Vampiric Draining        Necr           1%         2d6       58%         3
 Petrify                  Tmut/Erth      11%        N/A       63%         4
 Airstrike                Air            0%         N/A       94%         4


Dungeon Overview and Level Annotations

Branches:
Dungeon (2/15)

Altars:
Ru

Annotations:
D:2 Terence


Innate Abilities, Weirdness & Mutations

You are immune to sickness and miasma.
Your stone body is resilient. (AC +3)
You are immune to poison.
You resist negative energy. (rN+)
You are resistant to electric shocks. (rElec)
You are resistant to unholy torment.
You are immune to petrification.


Message History

No target in view!
Things that are here:
a +0 hunting sling; a +0 club; a goblin corpse
Things that are here:
a +0 whip; a kobold corpse You start resting.
HP restored.
Magic restored.
v - a sapphire potion
j - 3 scrolls labelled PISMIC TITT (gained 2)
You see here a +0 short sword.
Terence the Incautious comes into view.
He is wielding a +0 short sword.
Found a yellow potion.
You shoot a sling bullet. The sling bullet hits Terence.
Terence shouts!
Terence is moderately wounded.
Terence drinks a potion.
Terence flickers and vanishes!
Deactivating autopickup; reactivate with Ctrl-A.
You fade into invisibility!
Something hits you! Something hits you.
It was a potion of flight.
You feel very buoyant.
You fly up into the air.
Something hits you!
* * * LOW HITPOINT WARNING * * *
You aren't carrying any items that you can evoke.
Casting: Sandblast (safe; 4% risk of failure)
Confirm with . or Enter, or press ? or * to list all spells.
You can't see any susceptible monsters within range! (Use Z to cast anyway.)
You barely miss something.
Something hits you but does no damage. x2
Casting: Sandblast (safe; 4% risk of failure)
Confirm with . or Enter, or press ? or * to list all spells.
You can't see any susceptible monsters within range! (Use Z to cast anyway.)
Casting: Sandblast (safe; 4% risk of failure)
Confirm with . or Enter, or press ? or * to list all spells.
Aiming: Sandblast (safe; 4% risk of failure)
Press: ? - help, Shift-Dir - straight line
k - 3 stones Something hits you!
You die...

.....###########.#
.................#
.....####..#######
.....# ##.# #.. .....#
#.# #!# ##########.#
#.# ######.#..# #.#
#.#....)#.# #.#
#..#.###### #@#
#.####.#..# ##{####...
#.#.....#.# #.........
#..#.####.####.#####...
######.#..##..........
#.#....†#.##..........
#..#.######..._.......
#.#### ##...........
#.########............


There were no monsters in sight!

Vanquished Creatures
  A gnoll (D:2)
  2 endoplasms (D:1)
  2 giant cockroaches (D:2)
  A goblin (D:2)
  2 hobgoblins (D:1)
  A quokka (D:1)
  3 ball pythons
  2 bats
  4 frilled lizards
  2 kobolds (D:2)
  5 rats
25 creatures vanquished.

Notes
Turn   | Place    | Note
-------+----------+-------------------------------------------
     0 | D:1      | garrulousMonolith the Gargoyle Earth Elementalist began the
                  | quest for the Orb.
     0 | D:1      | Reached XP level 1. HP: 10/10 MP: 3/3
   169 | D:1      | Reached skill level 1 in Transmutations
   619 | D:1      | Reached XP level 2. HP: 16/16 MP: 1/5
   891 | D:1      | Learned a level 2 spell: Passwall
   993 | D:1      | Reached skill level 4 in Earth Magic
  1459 | D:2      | Reached skill level 1 in Fighting
  1459 | D:2      | Reached XP level 3. HP: 12/20 MP: 2/6
  1588 | D:2      | Learned a level 3 spell: Stone Arrow
  1643 | D:2      | Found a sacrificial altar of Ru.
  1697 | D:2      | Noticed Terence
  1703 | D:2      | HP: 1/20 [something (7)]
  1705 | D:2      | Mangled by Terence

Illustrated notes

Levels and vault maps discovered:
D:1:      scummos_arrival_gate, layout_basic
D:2:      minmay_angry_zag, layout_basic, basic_altar, uniq_terence

Skill      XL: |  1  2 |
---------------+-------+-----
Transmutations | 1 |  1.0
Earth Magic    | 4 |  4.3
Fighting       | 1 |  1.1
Dodging        | |  1.8
Stealth        | |  2.1
Spellcasting   | |  2.2

Action                   || total
-------------------------++-------
Melee: Mace              ||     5
       Whip              ||    21
       Hunting sling     ||     1
 Fire: Hunting sling     ||     5
 Cast: Sandblast         ||    27
  Use: Potion            ||     2
Armor: Leather armour    ||    12
Dodge: Dodged            ||    24

Table legend: (Time is in decaauts)
 A = Elapsed time spent in this place.
 B = Non-inter-level travel time spent in this place.
 C = Inter-level travel time spent in this place.
 D = Time resting spent in this place.
 E = Time spent auto-exploring this place.
 F = Levels seen in this place.
 G = Mean time per level.
                   A        B        C        D        E       F      G
               +--------+--------+--------+--------+--------+-----+--------+
         Total |   1710 |   1665 |     45 |    271 |   1163 |   2 |  855.0 |
       Dungeon |   1710 |   1665 |     45 |    271 |   1163 |   2 |  855.0 |
               +--------+--------+--------+--------+--------+-----+--------+

Top non-repeatable levels by time:
     D:1: 1186 daAuts
     D:2: 524 daAuts
